 Seeded DCSS version 0.29-a0-397-g846e4a0bbc (webtiles) character file.

Game seed: 14875320075521095149 (custom seed)

2111 zeratav the Geomancer (level 9, -7/51 HPs)
             Began as an Octopode Earth Elementalist on May 11, 2022.
             Was an Initiate of Gozag.
             Mangled by a hornet (16 damage)
             ... while paralysed by a hornet
             ... on level 8 of the Dungeon.
             The game lasted 00:12:23 (8516 turns).

zeratav the Geomancer (Octopode Earth Elementalist) Turns: 8516, Time: 00:12:24

Health: -7/51      AC:  1    Str:  9    XL:     9   Next: 28%
Magic:  11/19      EV:  2    Int: 22    God:    Gozag
Gold:   526        SH:  0    Dex: 12    Spells: 11/21 levels left

rFire   + . .      SeeInvis .   A - +4 whip (elec) {mace}
rCold   . . .      Faith    .   (no shield)
rNeg    . . .      Spirit   .   (helmet restricted)
rPois   .          Reflect  .   (no amulet)
rElec   .          Harm     .   (no ring)
rCorr   .          Rampage  .   (no ring)
Will    .....                   (no ring)
Stlth   +++.......              (no ring)
HPRegen 0.17/turn               (no ring)
MPRegen 0.16/turn               (no ring)
                                (no ring)
                                (no ring)

@: paralysed, slowed
A: almost no armour, amphibious, 8 rings, camouflage 1, gelatinous body 1,
(nimble swimmer 1), tentacles, beak, fire resistance 1, strong 1
a: Renounce Religion, Potion Petition, Call Merchant, Bribe Branch


You were on level 8 of the Dungeon.
You worshipped Gozag.
Gozag was pleased with you.
You visited 2 branches of the dungeon, and saw 9 of its levels.

You collected 624 gold pieces.
You paid 98 gold pieces to Gozag.


Innate Abilities, Weirdness & Mutations

You cannot wear most types of armour.
You are amphibious.
You can wear up to eight rings at the same time.
Your skin changes colour to match your surroundings (Stealth+).
Your rubbery body absorbs attacks. (AC +1, EV +1)
((You are camouflaged when in or above water. (Stealth+)))
You have tentacles for arms and can constrict up to eight enemies at once.
You have a beak for a mouth.
Your flesh is heat resistant. (rF+)
Your muscles are strong. (Str +2)


   Skills:
 - Level 2.0 Dodging
 - Level 2.6 Stealth
 + Level 6.6 Spellcasting
 + Level 2.2 Transmutations
 - Level 10.0 Earth Magic


You had 11 spell levels left.
You knew the following spells:

 Your Spells              Type           Power      Damage    Failure   Level
a - Sandblast             Erth           100%       2d20      1%          1
b - Stone Arrow           Conj/Erth      58%        3d10      3%          3
c - Statue Form           Tmut/Erth      22%        N/A       71%         6

Your spell library contained the following spells:

 Spells                   Type           Power      Damage    Failure   Level
 Passwall                 Tmut/Erth      28%        N/A       1%          2
 Petrify                  Tmut/Erth      34%        N/A       7%          4
 Foxfire                  Conj/Fire      28%        2x1d5     9%          1
 Shock                    Conj/Air       28%        1d4       9%          1
 Corpse Rot               Necr/Air       14%        N/A       13%         2
 Poisonous Vapours        Pois/Air       14%        N/A       13%         2
 Conjure Flame            Conj/Fire      7%         6-21      26%         3
 Inner Flame              Hex/Fire       7%         N/A       26%         3
 Swiftness                Air            7%         N/A       26%         3
 Airstrike                Air            3%         N/A       63%         4
 Flame Wave               Conj/Fire      7%         2d5       63%         4
 Blade Hands              Tmut           8%         N/A       67%         5
 Alistair's Intoxication  Tmut/Pois      8%         N/A       83%         5
 Yara's Violent Unravell  Hex/Tmut       6%         3d5       83%         5
 Iron Shot                Conj/Erth      14%        9d4       86%         6
 Animate Armour           Summ/Erth      Unusable   N/A       N/A         4

Inventory:

Hand Weapons
 e - a +4 dagger of venom {short}
   (You took it off a kobold on level 1 of the Dungeon)
 A - a +4 whip of electrocution (weapon) {mace}
   (You took it off an orc on level 5 of the Dungeon)
Missiles
 a - 114 stones {throwing}
Armour
 n - a +2 kite shield of protection
   (You found it on level 2 of the Dungeon)
Jewellery
 B - an amulet of faith {!P}
   (You found it on level 6 of the Dungeon)
Wands
 f - a wand of flame (26)
   (You found it on level 6 of the Dungeon)
 q - a wand of charming (2)
   (You found it on level 7 of the Dungeon)
 t - a wand of polymorph (8)
   (You found it on level 4 of the Dungeon)
 x - a wand of paralysis (10)
   (You found it on level 5 of the Dungeon)
Scrolls
 b - 3 scrolls of identify {@r1}
 d - 2 scrolls of poison {!r}
 j - 2 scrolls of enchant armour {unknown}
 l - 3 scrolls of teleportation {@r4}
 o - a scroll of immolation {unknown}
 p - 2 scrolls of fog {unknown}
 s - 2 scrolls of fear {unknown}
 v - 2 scrolls of blinking {!r}
 w - a scroll of brand weapon {unknown}
 y - 2 scrolls of enchant weapon {unknown}
Potions
 c - 4 potions of haste {@q3}
 g - 2 potions of heal wounds {@q2}
 h - 2 potions of flight {unknown}
 i - a potion of invisibility {unknown}
 k - 2 potions of mutation {!q}
 m - 2 potions of attraction {unknown}
 r - 6 potions of curing {@q1}
 u - a potion of ambrosia {unknown}
 z - a potion of brilliance {unknown}
 C - a potion of might {unknown}

Dungeon Overview and Level Annotations

Branches:
Dungeon (8/15)             Temple (1/1) D:6
   Lair: D:8-11

Altars:
Ashenzari
Cheibriados
Dithmenos
Elyvilon
Fedhas
Gozag
Hepliaklqana
Makhleb
Nemelex Xobeh
Okawaru
Ru
Sif Muna
Trog
Uskayaw
Wu Jian
Xom
Yredelemnul
Zin
The Shining One

Shops:
D:4 (

Annotations:
D:7 Joseph

... ...$..
#########..######
...............)#######
.......................
.......#.####)#######
.......#.....(# #..
#######y###.#.##.#.# #..
.......@...<..##.#.# #..
#####+#.###.####.# # #..
+.......##.# #..
#.###.#.##.# #.. #.#
#.#.##.# ###.########
..###.#.##.# #...<.......
...........#
####.#################.##.#
#...................##.####


You could see a hornet.


Message History

The stone arrow hits the kobold!
You kill the kobold!
The kobold shouts!
A kobold brigand comes into view.
It is wielding a +0 club and quivering poisoned darts.
You hear a shout!
MP[-3]
You lost 3 mp, and now have 15/18 mp.
A centaur comes into view.
MP[+1]
The centaur wields a +0 shortbow.
The centaur shoots an arrow.
The arrow hits you!
HP[-9]
You take 9 damage, and now have 42/51 hp.
Casting: Stone Arrow (dangerous; 3% risk of failure)
Confirm with . or Enter, or press ? or * to list all spells.
Aiming: Sandblast (safe; 1% risk of failure)
Press: ? - help, Shift-Dir - straight line, f - kobold
Aim: a kobold, wielding a +0 short sword (80% to hit)
The blast of sand hits the kobold!
You kill the kobold!
MP[-1]
You lost 1 mp, and now have 15/18 mp.
The centaur shoots an arrow.
The arrow misses you.
The centaur shoots an arrow.
The arrow misses you.
Things that are here:
4 gold pieces; a +0 short sword {short} The centaur unwields a +0 shortbow.
The centaur hits you. The centaur misses you.
HP[-4] MP[+1]
You take 4 damage, and now have 38/51 hp.
Casting: Sandblast (safe; 1% risk of failure)
Confirm with . or Enter, or press ? or * to list all spells.
Aiming: Stone Arrow (dangerous; 3% risk of failure)
Press: ? - help, Shift-Dir - straight line, f - centaur
Aim: a centaur (83% to hit)
The stone arrow hits the centaur!
The centaur closely misses you. The centaur kicks you. The centaur hits you.
The centaur kicks you.
HP[-5] MP[-3]
You take 5 damage, and now have 33/51 hp.
You lost 3 mp, and now have 13/18 mp.
Casting: Stone Arrow (dangerous; 3% risk of failure)
Confirm with . or Enter, or press ? or * to list all spells.
Aiming: Stone Arrow (dangerous; 3% risk of failure)
Press: ? - help, Shift-Dir - straight line, f/p - centaur
Aim: a centaur (heavily wounded, 83% to hit)
The stone arrow hits the centaur!
You kill the centaur!
Your Transmutations skill increases to level 2!
MP[-3]
You lost 3 mp, and now have 10/19 mp.
You now have 522 gold pieces (gained 12).
You see here a +0 shortbow {bow}.
You now have 526 gold pieces (gained 4).
You see here a +0 short sword {short}.
HP[+1] MP[+1]
You start resting.
HP[+8] MP[+8]
You regained 8 hp, and now have 42/51 hp.
Your mp is fully restored (19).
You start resting.
HP[+9]
Your hp is fully restored (51).
There is a stone staircase leading up here.
A hornet comes into view.
The hornet closely misses you. The hornet misses you.
The hornet closely misses you.
Casting: Stone Arrow (dangerous; 3% risk of failure)
Confirm with . or Enter, or press ? or * to list all spells.
Aiming: Stone Arrow (dangerous; 3% risk of failure)
Press: ? - help, Shift-Dir - straight line, f - hornet
Aim: a hornet (57% to hit)
The stone arrow misses the hornet.
The hornet misses you.
MP[-3]
You lost 3 mp, and now have 16/19 mp.
Casting: Stone Arrow (dangerous; 3% risk of failure)
Confirm with . or Enter, or press ? or * to list all spells.
Aiming: Stone Arrow (dangerous; 3% risk of failure)
Press: ? - help, Shift-Dir - straight line, f/p - hornet
Aim: a hornet (57% to hit)
The stone arrow hits the hornet!!
The hornet closely misses you. The hornet stings you!
You feel yourself slow down.
HP[-10] MP[-3]
You take 10 damage, and now have 41/51 hp.
You lost 3 mp, and now have 13/19 mp.
Casting: Stone Arrow (dangerous; 3% risk of failure)
Confirm with . or Enter, or press ? or * to list all spells.
Aiming: Stone Arrow (dangerous; 3% risk of failure)
Press: ? - help, Shift-Dir - straight line, f/p - hornet
Aim: a hornet (heavily wounded, 57% to hit)
The stone arrow misses the hornet.
The hornet stings you!
You suddenly lose the ability to move!
The hornet stings you!
* * * LOW HITPOINT WARNING * * *
You feel as though you will be slow longer.
The hornet stings you.
* * * LOW HITPOINT WARNING * * *
You feel as though you will be slow longer.
The hornet stings you!
You die...
Your body crumbles into a pile of gold.

Skill      XL: |  1  2  3  4  5  6  7  8  9 |
---------------+----------------------------+-----
Earth Magic    | 4 5 6 7 9 10 | 10.0
Spellcasting   | 3 4 6 |  6.6
Transmutations | 2 |  2.2
Dodging        | |  2.0
Stealth        | |  2.6

Action                   |  1- 3 |  4- 6 |  7- 9 || total
-------------------------+-------+-------+-------++-------
Melee: Unarmed           |     8 |       |       ||     8
       Dagger            |    56 |    49 |       ||   105
       Peck              |    15 |     3 |     7 ||    25
       Constrict         |    12 |    13 |     9 ||    34
       Tentacles         |     9 |    14 |    11 ||    34
       Whip              |       |       |    40 ||    40
       Punch             |       |       |     1 ||     1
 Cast: Sandblast         |     7 |    25 |     4 ||    36
       Stone Arrow       |       |     1 |    60 ||    61
  Use: Potion            |     1 |       |     2 ||     3
       Scroll            |       |       |     7 ||     7
 Stab: Sleeping          |     6 |     5 |     4 ||    15
       Distracted        |     2 |     1 |       ||     3
Armor: Skin              |     6 |     2 |     3 ||    11
Dodge: Dodged            |    26 |    32 |    45 ||   103

Levels and vault maps discovered:
D:1:      mushboom_english_gardens, layout_rooms, shapermc_ecumenical_altar_gd
D:2:      layout_loops_cross, nicolae_elevator_lobby_plus, uniq_natasha
D:3:      layout_basic, mainiacjoe_overflow_concentric_impassable
D:4:      layout_loops_ring, serial_shops, nicolae_shop_stone
D:5:      layout_loops_cross, mainiacjoe_overflow_catch_the_wave,
          wad_woods_river_04
D:6:      layout_loops_corners, old_standard_altar,
          nicolae_wu_jian_immortal_techniques,
          minmay_temple_entry_statues_pillars, wad_floor_pattern_1
D:7:      layout_rooms, st_stairs_1, kennysheep_nondescript,
          corexii_item_surrounded_by_moat, hex_medium, uniq_joseph
D:8:      layout_basic, serial_shops, nicolae_shop_behind_doors, uniq_maurice,
          uniq_grum
Temple:   eino_temple_rhombus

Notes
Turn   | Place    | Note
-------+----------+-------------------------------------------
     0 | D:1      | zeratav the Octopode Earth Elementalist began the quest for
                  | the Orb.
     0 | D:1      | Reached XP level 1. HP: 11/11 MP: 3/3
     0 | D:1      | magus.rc [v1.9.6]
   274 | D:1      | Gained mutation: You have a beak for a mouth. [potion of
                  | mutation]
   274 | D:1      | Gained mutation: Your flesh is heat resistant. (rF+)
                  | [potion of mutation]
   274 | D:1      | Gained mutation: Your muscles are strong. (Str +2) [potion
                  | of mutation]
   610 | D:1      | Reached XP level 2. HP: 17/17 MP: 5/5
   624 | D:1      | Found a faded altar of an unknown god.
   638 | D:1      | You pick up a book of Vapours and begin reading...
   638 | D:1      | You add the spells Poisonous Vapours and Corpse Rot to your
                  | library.
   939 | D:1      | Reached XP level 3. HP: 18/21 MP: 6/6
   946 | D:1      | You fall into a shaft and drop 1 floor!
  1261 | D:1      | Reached skill level 4 in Earth Magic
  1598 | D:2      | Noticed Natasha
  1605 | D:2      | Killed Natasha
  1606 | D:2      | Reached XP level 4. HP: 18/27 MP: 6/8
  1887 | D:2      | Noticed Natasha
  1902 | D:2      | Killed Natasha
  2002 | D:2      | Noticed Natasha
  2007 | D:2      | Killed Natasha
  2008 | D:2      | Reached skill level 3 in Spellcasting
  2008 | D:2      | Reached XP level 5. HP: 27/31 MP: 9/9
  2136 | D:2      | Reached skill level 5 in Earth Magic
  2243 | D:3      | Found a shadowy altar of Dithmenos.
  2320 | D:3      | Learned a level 3 spell: Stone Arrow
  3003 | D:4      | Found Hinaabuo's Antique Weapon Shoppe.
  3250 | D:4      | You pick up a book of Air and begin reading...
  3250 | D:4      | You add the spells Shock, Swiftness and Airstrike to your
                  | library.
  3309 | D:4      | Reached XP level 6. HP: 21/36 MP: 9/11
  3513 | D:4      | You pick up a book of Flames and begin reading...
  3513 | D:4      | You add the spells Foxfire, Conjure Flame, Inner Flame and
                  | Flame Wave to your library.
  3897 | D:5      | Entered Level 5 of the Dungeon
  3925 | D:5      | Found an iron altar of Okawaru.
  3948 | D:5      | You add the spells Yara's Violent Unravelling, Alistair's
                  | Intoxication and Statue Form to your library.
  3948 | D:5      | Got the Almanac of Unstable Clay
  4058 | D:5      | Reached skill level 6 in Earth Magic
  4145 | D:5      | You pick up a book of Air and begin reading...
  4496 | D:5      | Reached skill level 4 in Spellcasting
  4595 | D:5      | Found a burning altar of Makhleb.
  4600 | D:5      | Reached XP level 7. HP: 41/41 MP: 11/13
  5091 | D:6      | Reached skill level 7 in Earth Magic
  5215 | D:6      | Found an ornate altar of the Wu Jian Council.
  5534 | D:6      | Found a hide-covered altar of Uskayaw.
  5633 | D:6      | Found a staircase to the Ecumenical Temple.
  5639 | Temple   | Entered the Ecumenical Temple
  5742 | Temple   | Became a worshipper of Gozag Ym Sagoz the Greedy
  5806 | D:6      | Reached XP level 8. HP: 40/46 MP: 2/15
  5943 | D:6      | Reached skill level 5 in Spellcasting
  5944 | D:6      | HP: 2/46 [wight/+0 great sword (17)]
  5948 | D:6      | Reached skill level 8 in Earth Magic
  6374 | D:6      | HP: 8/46 [centaur/arrow (15)]
  7049 | D:7      | Reached skill level 9 in Earth Magic
  7186 | D:7      | Noticed Joseph
  7433 | D:7      | You pick up a book of Iron and begin reading...
  7433 | D:7      | You add the spells Blade Hands and Iron Shot to your
                  | library.
  7480 | D:7      | Reached skill level 6 in Spellcasting
  7487 | D:7      | Reached XP level 9. HP: 42/51 MP: 3/18
  7698 | D:7      | Reached skill level 10 in Earth Magic
  8348 | D:8      | Learned a level 6 spell: Statue Form
  8400 | D:8      | Reached skill level 2 in Transmutations
  8509 | D:8      | Noticed a hornet
  8514 | D:8      | Paralysed by a hornet for 3 turns
  8515 | D:8      | HP: 9/51 [hornet (6)]
  8516 | D:8      | Mangled by a hornet

Vanquished Creatures
  A water moccasin (D:7)
  An orc warrior (D:6)
  A black bear (D:7)
  2 ogres (D:7)
  3 centaurs
  2 phantoms
  2 bullfrogs
  A necrophage (D:6)
  2 scorpions (D:5)
  5 wights (D:6)
  5 hounds
  An orc priest (D:7)
  2 jellies
  A gnoll shaman (D:6)
  4 iguanas
  An orc wizard (D:6)
  Natasha (thrice) (D:2)
  7 gnolls
  6 adders
  A shadow imp (D:7)
  2 ufetubi
  2 worms (D:2)
  2 dart slugs
  10 orcs
  9 endoplasms
  5 giant cockroaches
  2 hobgoblins (D:2)
  10 jackals
  4 kobolds
  4 quokkas
  5 ball pythons
  4 bats
  3 frilled lizards
  5 goblins
  3 rats
121 creatures vanquished.

Vanquished Creatures (others)
  A demonic plant (D:1)
  A withered plant (D:1)
2 creatures vanquished.

Grand Total: 123 creatures vanquished

Table legend:
 A = Non-vault XP
 B = Vault XP
 C = Vault XP percentage of total XP
 D = Non-vault monster count
 E = Vault monster count
 F = Vault count percentage of total count
                 A         B        C        D         E       F
            +---------+---------+-------+---------+---------+-------
      Total |    2720 |     296 |   9.8 |     118 |       3 |   2.5
            +---------+---------+-------+---------+---------+-------
        D:1 |      42 |       0 |   0.0 |      23 |       0 |   0.0
        D:2 |     108 |      36 |  25.0 |      18 |       1 |   5.3
        D:3 |      61 |       0 |   0.0 |      12 |       0 |   0.0
        D:4 |     117 |       0 |   0.0 |      11 |       0 |   0.0
        D:5 |     337 |       0 |   0.0 |      15 |       0 |   0.0
        D:6 |    1151 |       0 |   0.0 |      22 |       0 |   0.0
        D:7 |     787 |     260 |  24.8 |      14 |       2 |  12.5
        D:8 |     117 |       0 |   0.0 |       3 |       0 |   0.0
            +---------+---------+-------+---------+---------+-------

Illustrated notes

Table legend:
 A = Kills in this place as a percentage of kills in entire the game.
 B = Kills by you in this place as a percentage of kills by you in the entire game.
 C = Kills by friends in this place as a percentage of kills by friends in the entire game.
 D = Other kills in this place as a percentage of other kills in the entire game.
 E = Experience gained in this place as a percentage of experience gained in the entire game.
 F = Experience gained in this place divided by the number of levels of this place that you have seen.
                   A       B       C       D       E      F
               +-------+-------+-------+-------+-------+----------------------
         Total | 100.0 | 100.0 |   N/A |   N/A | 100.0 | 335.1
       Dungeon | 100.0 | 100.0 |   N/A |   N/A | 100.0 | 377.0
               +-------+-------+-------+-------+-------+----------------------

Table legend: (Time is in decaauts)
 A = Elapsed time spent in this place.
 B = Non-inter-level travel time spent in this place.
 C = Inter-level travel time spent in this place.
 D = Time resting spent in this place.
 E = Time spent auto-exploring this place.
 F = Levels seen in this place.
 G = Mean time per level.
                   A        B        C        D        E       F      G
               +--------+--------+--------+--------+--------+-----+--------+
         Total |   8521 |   8258 |    263 |   2892 |   3939 |   9 |  946.8 |
       Dungeon |   8407 |   8162 |    245 |   2892 |   3855 |   8 | 1050.9 |
        Temple |    113 |     95 |     18 |      0 |     84 |   1 |  113.0 |
               +--------+--------+--------+--------+--------+-----+--------+

Top non-repeatable levels by time:
     D:6: 1778 daAuts
     D:7: 1335 daAuts
     D:5: 1212 daAuts
     D:1: 1124 daAuts
     D:2: 1116 daAuts
     D:4: 845 daAuts
     D:3: 812 daAuts
     D:8: 183 daAuts
  Temple: 113 daAuts
